[Event "December 12 Late 2023"]
[Site "https://www.chess.com"]
[Date "2023.12.12"]
[Round "5"]
[White "Iskusnyh, Sergei"]
[Black "De Souza, Cristiano Gomes"]
[Result "1-0"]
[Board "103"]
[TimeControl "180+1"]
[WhiteFideId "4120027"]
[BlackFideId "2151758"]
[WhiteElo "2578"]
[BlackElo "2238"]
[WhiteTeam "RUS"]
[BlackTeam "BRA"]
[WhiteClock "0:01:31"]
[BlackClock "0:00:56"]

1. d4 Nf6 2. c4 g6 3. g3 Bg7 4. Bg2 O-O 5. Nc3 Nc6 6. Nf3 d6 7. d5 Na5 8. b3 Ne4 9. Nxe4 Bxa1 10. Bd2 Bg7 11. Bxa5 Bd7 12. O-O Qc8 13. Qd2 c5 14. Bc3 Bh3 15. Bxg7 Kxg7 16. Qc3+ Kg8 17. Qe3 Bxg2 18. Kxg2 Kg7 19. h4 Qd7 20. h5 h6 21. hxg6 fxg6 22. Rh1 Rh8 23. Nfg5 Qf5 24. Ne6+ Kf7 25. f3 Rag8 26. Rxh6 Rxh6 27. Qxh6 Ke8 28. Qh7 Qf7 29. Nc7+ Kf8 30. Qh6+ Rg7 31. Ne6+ Kg8 32. Qxg7+ Qxg7 33. Nxg7 Kxg7 34. Ng5 Kf6 35. f4 a6 36. e4 b5 37. Kf3 1-0

[Event "December 12 Late 2023"]
[Site "https://www.chess.com"]
[Date "2023.12.12"]
[Round "5"]
[White "Grinev, Valeriy"]
[Black "Luxama, Jacques Muller"]
[Result "1/2-1/2"]
[Board "104"]
[TimeControl "180+1"]
[WhiteFideId "14117517"]
[BlackFideId "11900113"]
[WhiteElo "2574"]
[BlackElo "2141"]
[WhiteTeam "UKR"]
[BlackTeam "HAI"]
[WhiteClock "0:01:24"]
[BlackClock "0:00:32"]

1. e4 c5 2. Nf3 d6 3. Bb5+ Bd7 4. a4 a6 5. Bd3 Nc6 6. c3 Nf6 7. Bc2 e5 8. O-O Be7 9. Re1 O-O 10. h3 h6 11. d4 cxd4 12. cxd4 Rc8 13. Nc3 Nb4 14. Bb1 Qc7 15. a5 Rfd8 16. Qe2 Be6 17. d5 Bd7 18. Be3 Qc4 19. Bb6 Re8 20. Qe3 Bd8 21. Nd2 Bxb6 22. Qxb6 Qc5 23. Qxc5 Rxc5 24. Nb3 Rc7 25. f3 Rec8 26. Kf2 Nh5 27. g3 Nf6 28. g4 Be8 29. h4 Nd7 30. g5 hxg5 31. hxg5 Nc5 32. Nxc5 Rxc5 33. Rh1 Bb5 34. Ke3 g6 35. Ra3 Kg7 36. Rb3 Rc4 37. Nxb5 axb5 38. Bd3 Nxd3 39. Kxd3 Rd4+ 40. Ke3 b4 41. Ra1 Rc2 42. a6 bxa6 43. Rxa6 Rdd2 44. Rxd6 Re2+ 45. Kd3 Red2+ 46. Ke3 Re2+ 47. Kd3 Red2+ 48. Ke3 1/2-1/2

[Event "December 12 Late 2023"]
[Site "https://www.chess.com"]
[Date "2023.12.12"]
[Round "5"]
[White "Bhandari, Krish"]
[Black "Chylewski, Patryk"]
[Result "1/2-1/2"]
[Board "105"]
[TimeControl "180+1"]
[WhiteFideId "30955106"]
[BlackFideId "1186191"]
[WhiteElo "2119"]
[BlackElo "2508"]
[WhiteTeam "USA"]
[BlackTeam "POL"]
[WhiteClock "0:00:06"]
[BlackClock "0:00:04"]

1. d4 Nf6 2. c3 d5 3. Bg5 Ne4 4. Be3 Bf5 5. Nd2 Nd6 6. g3 e6 7. Bh3 Be7 8. f3 O-O 9. Bxf5 exf5 10. Nh3 c6 11. Qc2 Re8 12. O-O-O Bf6 13. Qd3 Qa5 14. Kb1 Qa6 15. Bf4 Qxd3+ 16. exd3 Nb5 17. a4 g5 18. Bxb8 Nxc3+ 19. bxc3 Raxb8 20. Rhe1 Red8 21. Nb3 b6 22. Kc2 Kg7 23. f4 g4 24. Nf2 h5 25. h4 Rbc8 26. a5 c5 27. axb6 axb6 28. dxc5 bxc5 29. d4 cxd4 30. Nxd4 Kg6 31. Re3 Rc4 32. Red3 Rdc8 33. Kd2 Bxd4 34. cxd4 Rc2+ 35. Ke1 Re8+ 36. Kf1 Ree2 37. Nh1 Rh2 38. Kg1 Rcg2+ 39. Kf1 Ra2 40. Kg1 Rhg2+ 41. Kf1 Rh2 42. Kg1 Rag2+ 43. Kf1 f6 44. Ra3 Rb2 45. Kg1 Rhg2+ 46. Kf1 Rh2 47. Kg1 Rbg2+ 48. Kf1 Rxh1+ 49. Kxg2 Rxd1 50. Ra4 Rd2+ 51. Kg1 Kf7 52. Kf1 Ke6 53. Ra6+ Ke7 54. Ra7+ Kd6 55. Ra6+ Ke7 56. Ra7+ Kf8 57. Ra8+ Kg7 58. Ra7+ Kg6 59. Ra4 Rd3 60. Kf2 Kf7 61. Ra7+ Kf8 62. Ra8+ Kg7 63. Ra7+ Kg6 64. Ra4 Rd1 65. Ke2 Rg1 66. Kf2 Rd1 67. Ke2 Rg1 68. Kf2 Rd1 1/2-1/2

[Event "December 12 Late 2023"]
[Site "https://www.chess.com"]
[Date "2023.12.12"]
[Round "5"]
[White "Ghosh, Chanchal Kumer"]
[Black "Herman, Matthew"]
[Result "0-1"]
[Board "106"]
[TimeControl "180+1"]
[WhiteFideId "10201858"]
[BlackFideId "2028964"]
[WhiteElo "2094"]
[BlackElo "2494"]
[WhiteTeam "BAN"]
[BlackTeam "USA"]
[WhiteClock "0:00:00"]
[BlackClock "0:00:08"]

1. e4 c5 2. Nf3 e6 3. d4 cxd4 4. Nxd4 a6 5. Bd3 Nc6 6. Nxc6 bxc6 7. c4 e5 8. O-O Bc5 9. Re1 Nf6 10. Be3 Bxe3 11. Rxe3 Qb6 12. Qc2 d6 13. Nc3 c5 14. h3 Be6 15. b3 h5 16. Rd1 h4 17. Bf1 Ke7 18. Red3 Rad8 19. Qd2 Rh7 20. Qe3 Rd7 21. f4 exf4 22. Qxf4 Qc7 23. Be2 Qb8 24. Bf3 Qc7 25. Re1 Kf8 26. Red1 Ke7 27. R1d2 Rh6 28. Nd1 Ne8 29. Ne3 Kf8 30. Nf5 Bxf5 31. exf5 Kg8 32. Bd5 Re7 33. Kh1 Re5 34. Rf2 Qe7 35. Kh2 Nf6 36. Qg5 Rh5 37. Qf4 Rhxf5 38. Qxf5 Rxf5 39. Rxf5 Qe1 40. Rdf3 Kf8 41. Rg5 Qd2 42. Rgf5 Qe1 43. Rg5 Qe2 44. Rgf5 Ke7 45. Rf2 Qe1 46. R5f3 Qa1 47. Re2+ Kf8 48. Rfe3 g6 49. Rf3 Nxd5 50. cxd5 Kg7 51. Ref2 f5 52. Re2 Qd4 53. Rfe3 Qxd5 54. Re7+ Kf6 55. Ra7 g5 56. Re8 g4 57. Rf8+ Ke5 0-1

[Event "December 12 Late 2023"]
[Site "https://www.chess.com"]
[Date "2023.12.12"]
[Round "5"]
[White "Garcia Almaguer, Juan Manuel"]
[Black "Stead, Kerry"]
[Result "1-0"]
[Board "107"]
[TimeControl "180+1"]
[WhiteFideId "5110491"]
[BlackFideId "3202577"]
[WhiteElo "2483"]
[BlackElo "2078"]
[WhiteTeam "MEX"]
[BlackTeam "AUS"]
[WhiteClock "0:00:22"]
[BlackClock "0:00:00"]

1. e4 c6 2. d3 d5 3. Nd2 e5 4. Ngf3 Qc7 5. g3 h6 6. Bg2 Be6 7. Qe2 Bd6 8. O-O Nd7 9. d4 Ngf6 10. exd5 Nxd5 11. dxe5 Nxe5 12. Nxe5 Bxe5 13. Nc4 Bf6 14. a4 O-O 15. Ne3 Nxe3 16. Qxe3 Rad8 17. Qa3 Rfe8 18. Bf4 Qc8 19. Rfe1 Bf5 20. c3 Bh3 21. Bf3 Bg4 22. Be4 Bf5 23. Bh1 Be6 24. a5 Bd5 25. Rxe8+ Rxe8 26. Bxd5 cxd5 27. a6 b6 28. Qd6 Qe6 29. Qc7 Re7 30. Qb8+ Kh7 31. Qa8 d4 32. cxd4 Bxd4 33. Qf3 Bc5 34. Rd1 1-0

[Event "December 12 Late 2023"]
[Site "https://www.chess.com"]
[Date "2023.12.12"]
[Round "5"]
[White "Nechitaylo, Nikita"]
[Black "Rees, Ioan"]
[Result "0-1"]
[Board "108"]
[TimeControl "180+1"]
[WhiteFideId "34138161"]
[BlackFideId "1801236"]
[WhiteElo "2289"]
[BlackElo "2529"]
[WhiteTeam "UKR"]
[BlackTeam "WLS"]
[WhiteClock "0:00:01"]
[BlackClock "0:00:57"]

1. d4 d5 2. c4 c6 3. cxd5 cxd5 4. Bf4 Nf6 5. e3 Nc6 6. Nc3 e6 7. Nf3 Bd6 8. Bg3 O-O 9. Bd3 a6 10. a3 Re8 11. Rc1 Ne7 12. Ne5 Nf5 13. Bxf5 exf5 14. O-O Be6 15. Bh4 Be7 16. f4 Ne4 17. Bxe7 Qxe7 18. Nxe4 dxe4 19. d5 Red8 20. dxe6 Rxd1 21. exf7+ Kh8 22. Rfxd1 g6 23. Rd7 Qf6 24. Rxb7 Rd8 25. Rbc7 Qb6 26. Rc8 Kg7 27. f8=Q+ Rxf8 28. R1c7+ Kh6 29. Nc4 Rxc8 30. Rxc8 Qb3 31. Kf2 Qc2+ 32. Kg3 Qe2 33. Kh3 Qf1 34. Kg3 a5 35. h3 a4 36. Ne5 Qe1+ 37. Kh2 Qxe3 38. Rc7 Qxf4+ 39. g3 Qxe5 0-1

[Event "December 12 Late 2023"]
[Site "https://www.chess.com"]
[Date "2023.12.12"]
[Round "5"]
[White "Shapiro, Viktor"]
[Black "Player, Edmund C"]
[Result "1-0"]
[Board "109"]
[TimeControl "180+1"]
[WhiteFideId "4175700"]
[BlackFideId "406520"]
[WhiteElo "2513"]
[BlackElo "2282"]
[WhiteTeam "RUS"]
[BlackTeam "ENG"]
[WhiteClock "0:00:54"]
[BlackClock "0:00:00"]

1. c4 e5 2. Nc3 Nf6 3. g3 d5 4. cxd5 Nxd5 5. Bg2 Nb6 6. Nf3 Nc6 7. d3 Be7 8. O-O O-O 9. a3 Re8 10. b4 Bf8 11. Rb1 a5 12. b5 Nd4 13. Nd2 Rb8 14. e3 Ne6 15. Qc2 Nc5 16. Nb3 Qxd3 17. Qxd3 Nxd3 18. Nxa5 Nxc1 19. Rfxc1 Bxa3 20. Rc2 Bf5 21. Be4 Bxe4 22. Nxe4 Nd5 23. Rd1 Bb4 24. Nxb7 Nxe3 25. fxe3 Rxb7 26. Rd7 f5 27. Ng5 Bd6 28. Nf7 Rxb5 29. Nxd6 cxd6 30. Rcc7 Rb1+ 31. Kg2 Rb2+ 32. Kh3 Re2 33. Rxg7+ Kh8 34. Rxh7+ Kg8 35. Rcg7+ Kf8 36. Rd7 Kg8 37. Rhg7+ Kh8 38. Rg5 Rxe3 39. Rxd6 Re7 40. Rh6+ 1-0

[Event "December 12 Late 2023"]
[Site "https://www.chess.com"]
[Date "2023.12.12"]
[Round "5"]
[White "Golubenko, Valentina"]
[Black "Krzywda, Andrzej"]
[Result "0-1"]
[Board "110"]
[TimeControl "180+1"]
[WhiteFideId "4501993"]
[BlackFideId "1114565"]
[WhiteElo "2263"]
[BlackElo "2501"]
[WhiteTeam "CRO"]
[BlackTeam "POL"]
[WhiteClock "0:00:05"]
[BlackClock "0:00:36"]

1. e4 e5 2. Nf3 Nf6 3. Nc3 Bb4 4. d3 O-O 5. Be2 d5 6. exd5 Nxd5 7. Bd2 Nc6 8. O-O Nxc3 9. bxc3 Bc5 10. Ng5 Bb6 11. Qb1 h6 12. Ne4 f5 13. Qb3+ Kh7 14. Ng3 Qe8 15. Bh5 Qe7 16. Rae1 f4 17. Ne4 Qh4 18. Bf3 Bg4 19. Bxg4 Qxg4 20. h3 Qg6 21. Kh1 f3 22. Rg1 fxg2+ 23. Rxg2 Qf5 24. Rg3 Rae8 25. Reg1 Re7 26. Qd5 Nd8 27. Ng5+ hxg5 28. Bxg5 Rd7 29. Qg2 Ne6 30. Be3 Bxe3 31. fxe3 Rf6 32. Rg4 Rh6 33. Qe4 Qxe4+ 34. Rxe4 Rxh3+ 35. Kg2 Rh5 36. Rh1 Rxh1 37. Kxh1 Rd5 38. c4 Ra5 39. d4 Ng5 40. Rh4+ Kg6 41. d5 Rxa2 42. Rh2 Nf3 43. Rg2+ Kf5 44. Rf2 e4 45. Kg2 Ra1 46. Kh3 Rh1+ 47. Kg2 Rh2+ 48. Kf1 Rxf2+ 49. Kxf2 a5 0-1

[Event "December 12 Late 2023"]
[Site "https://www.chess.com"]
[Date "2023.12.12"]
[Round "5"]
[White "Wartiovaara, Oliver"]
[Black "Cooper, Aaron"]
[Result "1-0"]
[Board "111"]
[TimeControl "180+1"]
[WhiteFideId "513024"]
[BlackFideId "2634945"]
[WhiteElo "2489"]
[BlackElo "2255"]
[WhiteTeam "FIN"]
[BlackTeam "CAN"]
[WhiteClock "0:00:04"]
[BlackClock "0:00:04"]

1. e4 d5 2. exd5 Qxd5 3. Nc3 Qd6 4. d4 Nf6 5. Nf3 c6 6. Ne5 Nbd7 7. f4 g6 8. Bc4 e6 9. O-O Nb6 10. Bb3 Bg7 11. f5 Nbd5 12. fxe6 Bxe6 13. Nxd5 Bxd5 14. c4 Be6 15. c5 Qe7 16. Bg5 O-O 17. Ng4 Bxg4 18. Qxg4 Nxg4 19. Bxe7 Bxd4+ 20. Kh1 Nf2+ 21. Kg1 Nh3+ 22. Kh1 Nf2+ 23. Kg1 Rfe8 24. Bd6 Re2 25. h3 Ne4+ 26. Kh2 Nxd6 27. cxd6 Be5+ 28. Kh1 Bxd6 29. Rxf7 Kh8 30. Raf1 Rae8 31. Rxb7 Rxb2 32. Rd7 Bg3 33. Rd3 Bb8 34. Rdf3 Rbe2 35. Rf8+ Kg7 36. Rxe8 Rxe8 37. Rf7+ Kh6 38. Kg1 Bd6 39. Rd7 Bc5+ 40. Kf1 Rf8+ 41. Ke1 Bb6 42. h4 Rf4 43. g3 Rf3 44. Bg8 Re3+ 45. Kf1 Kh5 46. Kg2 g5 47. Rxh7+ Kg6 48. h5+ Kf6 49. Rf7+ Ke5 50. h6 Re2+ 51. Kh3 Re1 52. Kg4 Rh1 53. h7 Bd4 54. Rf5+ Kd6 55. Rxg5 c5 56. Rh5 Rxh5 57. Kxh5 Ke5 58. h8=Q+ 1-0

[Event "December 12 Late 2023"]
[Site "https://www.chess.com"]
[Date "2023.12.12"]
[Round "5"]
[White "Shton, Roman"]
[Black "Erece, Ece Alkim"]
[Result "1-0"]
[Board "112"]
[TimeControl "180+1"]
[WhiteFideId "14137461"]
[BlackFideId "6346006"]
[WhiteElo "2487"]
[BlackElo "2255"]
[WhiteTeam "UKR"]
[BlackTeam "TUR"]
[WhiteClock "0:00:10"]
[BlackClock "0:00:00"]

1. d4 d5 2. Nf3 Nf6 3. g3 Bg4 4. Bg2 c6 5. Ne5 Bf5 6. c4 e6 7. Nc3 Nbd7 8. Nf3 dxc4 9. a4 Bb4 10. O-O O-O 11. Nd2 Nd5 12. Na2 c3 13. Nxb4 cxb2 14. Bxb2 Nxb4 15. a5 Nf6 16. e4 Bg4 17. Qb3 c5 18. Rfe1 Rc8 19. e5 Nfd5 20. Nc4 cxd4 21. Bxd4 b6 22. axb6 axb6 23. Nd6 Rc6 24. Ra7 Nc2 25. Bxd5 exd5 26. Qxd5 Nxe1 27. Qxc6 Nf3+ 28. Kg2 Nxd4 29. Qc4 Bf3+ 30. Kg1 Ne2+ 31. Kf1 b5 32. Qd3 Bh5 33. Qe4 Qb6 34. Ra2 Qc5 35. Rxe2 Bxe2+ 36. Qxe2 b4 37. Ne4 Qc1+ 38. Kg2 b3 39. Qg4 b2 40. Nf6+ Kh8 41. Nh5 g6 42. Nf4 b1=Q 43. Qg5 Qf5 44. Qh6 Qh5 45. Nxh5 gxh5 46. Qf6+ Kg8 47. Qf5 Re8 48. Qxh5 1-0

[Event "December 12 Late 2023"]
[Site "https://www.chess.com"]
[Date "2023.12.12"]
[Round "5"]
[White "Kovalevsky, Stanislav"]
[Black "Sultanbek, Zeinep"]
[Result "0-1"]
[Board "113"]
[TimeControl "180+1"]
[WhiteFideId "13508598"]
[BlackFideId "13710419"]
[WhiteElo "2474"]
[BlackElo "2247"]
[WhiteTeam "FID"]
[BlackTeam "KAZ"]
[WhiteClock "0:00:00"]
[BlackClock "0:01:00"]

1. e4 c5 2. c3 d5 3. exd5 Qxd5 4. Nf3 Nf6 5. d4 e6 6. Be3 cxd4 7. cxd4 Nc6 8. Nc3 Qd8 9. Bd3 Be7 10. O-O O-O 11. Rc1 b6 12. Ne4 Bb7 13. Nfg5 Nxe4 14. Nxe4 Nxd4 15. Nd6 Qxd6 16. Bxd4 Rad8 17. Bxh7+ Kxh7 18. Qh5+ Kg8 19. Bxg7 Kxg7 20. Rc3 Rh8 21. Qg4+ Kf8 22. Rg3 Bh4 23. Qg7+ Ke7 24. Rg4 Qxh2+ 25. Kxh2 Bxf2+ 0-1

[Event "December 12 Late 2023"]
[Site "https://www.chess.com"]
[Date "2023.12.12"]
[Round "5"]
[White "Gutierrez Olivares, Daniel"]
[Black "youngdinousaur"]
[Result "1-0"]
[Board "114"]
[TimeControl "180+1"]
[WhiteFideId "2264005"]
[WhiteElo "2460"]
[BlackElo "2255"]
[WhiteTeam "ESP"]
[WhiteClock "0:00:56"]
[BlackClock "0:00:04"]

1. Nf3 Nf6 2. g3 e6 3. c4 d5 4. Bg2 Be7 5. O-O O-O 6. b3 c5 7. e3 Nc6 8. Bb2 b6 9. Qe2 Bb7 10. Nc3 dxc4 11. bxc4 Rc8 12. d3 Qc7 13. Rfd1 Rfd8 14. Nb5 Qb8 15. Rab1 Qa8 16. h3 Nb4 17. Ne1 Bxg2 18. Nxg2 a6 19. Nc3 Nc6 20. f4 Qa7 21. Kh2 h6 22. Rd2 Rd7 23. a3 Rcd8 24. Rg1 Qc7 25. Kh1 e5 26. Nh4 Bf8 27. Rgd1 Qb7 28. Kh2 Qc7 29. Ba1 Qb8 30. Nf3 exf4 31. gxf4 Qc7 32. Rg1 Kh8 33. Rg3 Na5 34. Bb2 Nb3 35. Rd1 Na5 36. Ne5 Re7 37. Rdg1 Nc6 38. Ng4 Nxg4+ 39. Rxg4 Red7 40. Nd5 Rxd5 41. cxd5 Rxd5 42. Bxg7+ Bxg7 43. Rxg7 Rd8 44. Qh5 Qd6 45. R1g6 Qxg6 46. Rxg6 fxg6 47. Qxh6+ Kg8 48. Qxg6+ Kf8 49. Qxc6 1-0

[Event "December 12 Late 2023"]
[Site "https://www.chess.com"]
[Date "2023.12.12"]
[Round "5"]
[White "Disconzi da Silva, Rodrigo"]
[Black "De Lima, Valdenicio Marcelino"]
[Result "0-1"]
[Board "115"]
[TimeControl "180+1"]
[WhiteFideId "2100991"]
[BlackFideId "2132044"]
[WhiteElo "2458"]
[BlackElo "2236"]
[WhiteTeam "BRA"]
[BlackTeam "BRA"]
[WhiteClock "0:00:06"]
[BlackClock "0:00:20"]

1. d4 Nf6 2. c4 c5 3. d5 b5 4. Nf3 d6 5. cxb5 a6 6. b6 g6 7. Nc3 Bg7 8. Nd2 Nbd7 9. e4 O-O 10. Be2 Nxb6 11. O-O Bd7 12. a4 Qc7 13. a5 Nc8 14. Nc4 Bb5 15. Bg5 Nd7 16. Qd2 Ne5 17. Nxe5 Bxe2 18. Qxe2 Bxe5 19. Rfc1 Qb7 20. Na4 Rb8 21. Ra3 Na7 22. Nb6 Nb5 23. Rh3 Nd4 24. Qg4 h5 25. Qd1 Qa7 26. f4 Bg7 27. Kh1 Rxb6 28. axb6 Qxb6 29. b3 Rb8 30. Bxe7 Re8 31. Bg5 Rxe4 32. Rd3 Nf5 33. Qf3 Qb4 34. h3 Re1+ 35. Rxe1 Qxe1+ 36. Kh2 Bd4 37. Rd1 Qb4 38. g4 hxg4 39. hxg4 Ne3 40. Rd3 Qe1 41. f5 Nf1+ 42. Kg2 Nd2 43. Kh3 Nxf3 44. Rxf3 Qh1+ 45. Kg3 Qg1+ 46. Kh3 f6 47. Bh4 g5 48. Bg3 Qh1+ 49. Bh2 Qxf3+ 0-1

[Event "December 12 Late 2023"]
[Site "https://www.chess.com"]
[Date "2023.12.12"]
[Round "5"]
[White "Cueto, Jonny"]
[Black "Marchesich, Giovanni"]
[Result "0-1"]
[Board "116"]
[TimeControl "180+1"]
[WhiteFideId "3300145"]
[BlackFideId "2824790"]
[WhiteElo "2232"]
[BlackElo "2397"]
[WhiteTeam "BOL"]
[BlackTeam "ITA"]
[WhiteClock "0:00:02"]
[BlackClock "0:01:44"]

1. d4 d5 2. Bf4 Bg4 3. h3 Bh5 4. c4 e6 5. Qb3 Nc6 6. Qxb7 Nxd4 7. Bxc7 Qc8 8. Qxc8+ Rxc8 9. g4 Bg6 10. Ba5 Nc2+ 11. Kd1 Nxa1 12. e3 dxc4 13. Nf3 Nc2 14. Ne5 Bb4 15. Bxc4 Bxa5 16. Bb5+ Ke7 17. h4 Nb4 18. h5 Bxb1 19. Ke2 Be4 20. f3 Bd5 21. a3 Nc6 22. Rc1 Nf6 23. g5 Nxe5 24. Rg1 Nfd7 25. Kf2 Rc2+ 26. Kg3 Nxf3 27. g6 Bc7+ 28. Kh3 hxg6 29. Kg4 gxh5+ 30. Kh3 Rh2# 0-1

[Event "December 12 Late 2023"]
[Site "https://www.chess.com"]
[Date "2023.12.12"]
[Round "5"]
[White "Rios Escobar, Adan"]
[Black "Clarke, Matthew"]
[Result "1-0"]
[Board "117"]
[TimeControl "180+1"]
[WhiteFideId "3403645"]
[BlackFideId "3227804"]
[WhiteElo "2385"]
[BlackElo "2222"]
[WhiteTeam "CHI"]
[BlackTeam "AUS"]
[WhiteClock "0:01:07"]
[BlackClock "0:01:10"]

1. Nf3 d5 2. e3 Nf6 3. c4 e6 4. Nc3 Be7 5. b3 O-O 6. Bb2 c5 7. cxd5 Nxd5 8. Nxd5 Qxd5 9. Qc2 Nc6 10. a3 b6 11. Bc4 Qd6 12. h4 Bb7 13. Ng5 g6 14. Nxh7 Kxh7 15. h5 f5 16. hxg6+ Kxg6 17. Qd1 Ne5 18. Qh5+ Kg7 19. Qh7+ Kf6 20. Rh6+ Kg5 21. Qg7+ Ng6 22. Qxg6# 1-0

[Event "December 12 Late 2023"]
[Site "https://www.chess.com"]
[Date "2023.12.12"]
[Round "5"]
[White "Wang, Alexander J"]
[Black "Haszon, David"]
[Result "0-1"]
[Board "118"]
[TimeControl "180+1"]
[WhiteFideId "30955270"]
[BlackFideId "733610"]
[WhiteElo "2220"]
[BlackElo "2385"]
[WhiteTeam "USA"]
[BlackTeam "HUN"]
[WhiteClock "0:00:08"]
[BlackClock "0:01:39"]

1. e4 e5 2. Nf3 Nf6 3. Nxe5 Nxe4 4. Qe2 Qe7 5. Qxe4 d6 6. d4 dxe5 7. Qxe5 Qxe5+ 8. dxe5 Bf5 9. Bd3 Bxd3 10. cxd3 Nc6 11. O-O O-O-O 12. f4 Bc5+ 13. Kh1 Nb4 14. Nc3 Nxd3 15. Ne4 Bb6 16. b3 Rd4 17. Ng3 Nxc1 18. Raxc1 g6 19. f5 Re8 20. fxg6 fxg6 21. Rfe1 Rd5 22. e6 Rd6 23. Ne4 Rdxe6 24. Nd6+ Rxd6 25. Rxe8+ Kd7 26. Ree1 Bd4 27. Rcd1 c5 28. h3 b5 29. Re2 a5 30. Red2 Kc6 31. Rc2 a4 32. b4 c4 33. Rcd2 Be5 34. Rxd6+ Bxd6 35. a3 Be5 36. Rd2 c3 37. Rc2 Kd5 38. Kg1 Kc4 39. Kf2 Kb3 40. Re2 c2 41. Re1 Bc3 42. Rf1 Bd2 43. Ke2 c1=Q 44. Rxc1 Bxc1 45. Kd3 Bxa3 0-1

[Event "December 12 Late 2023"]
[Site "https://www.chess.com"]
[Date "2023.12.12"]
[Round "5"]
[White "Bullen, Alex"]
[Black "Akhayan, Ruben"]
[Result "0-1"]
[Board "119"]
[TimeControl "180+1"]
[WhiteFideId "1801627"]
[BlackFideId "204439"]
[WhiteElo "2210"]
[BlackElo "2379"]
[WhiteTeam "WLS"]
[BlackTeam "BEL"]
[WhiteClock "0:00:00"]
[BlackClock "0:00:12"]

1. e3 e5 2. c4 Nf6 3. Nc3 Nc6 4. Nf3 e4 5. Ng5 Qe7 6. Qc2 Nb4 7. Qb1 d6 8. a3 Nc6 9. Ngxe4 Bf5 10. Nxf6+ Qxf6 11. e4 Be6 12. d3 O-O-O 13. Be3 Nd4 14. Bxd4 Qxd4 15. Nb5 Qb6 16. a4 c6 17. a5 Qc5 18. b4 Qe5 19. d4 Qf4 20. Nxa7+ Kb8 21. a6 Kxa7 22. axb7+ Kxb7 23. Qa2 Qxe4+ 24. Be2 Rb8 25. O-O Qxd4 26. Rfd1 Qb6 27. c5 Bxa2 28. cxb6 Bd5 29. Ra7+ Kxb6 30. Rda1 Rb7 31. Ra8 g6 32. Rc8 Ra7 33. Rb1 Bg7 34. Rxh8 Bxh8 35. b5 c5 36. g4 Ra2 37. Bd3 Bd4 38. Re1 Rxf2 0-1

[Event "December 12 Late 2023"]
[Site "https://www.chess.com"]
[Date "2023.12.12"]
[Round "5"]
[White "Rian, Kapriaga"]
[Black "Manfroi, Alexander Giannini"]
[Result "1-0"]
[Board "120"]
[TimeControl "180+1"]
[WhiteFideId "7103263"]
[BlackFideId "22739335"]
[WhiteElo "2359"]
[BlackElo "2204"]
[WhiteTeam "INA"]
[BlackTeam "BRA"]
[WhiteClock "0:01:30"]
[BlackClock "0:00:09"]

1. d4 Nf6 2. Nf3 e6 3. c4 Bb4+ 4. Bd2 a5 5. g3 d5 6. a3 Bxd2+ 7. Nbxd2 dxc4 8. Nxc4 b5 9. Nce5 O-O 10. Bg2 Bb7 11. O-O Nbd7 12. Nd3 Ne4 13. Rc1 Ndf6 14. e3 Bd5 15. Nfe5 Nd7 16. Nxd7 Qxd7 17. Bxe4 Bxe4 18. Nc5 Qd5 19. Nxe4 Qxe4 20. Rxc7 b4 21. Qc2 Qxc2 22. Rxc2 Rfb8 23. a4 b3 24. Rc4 g6 25. Rfc1 Kg7 26. Kf1 Rb7 27. Ke2 Rab8 28. Kd3 Rb4 29. h4 h5 30. Rxb4 axb4 31. Rc5 Kf6 32. Kc4 Ke7 33. Kxb3 Kd6 34. e4 Rc8 1-0

[Event "December 12 Late 2023"]
[Site "https://www.chess.com"]
[Date "2023.12.12"]
[Round "5"]
[White "Jing, Andrew"]
[Black "Gruzman, Ilya"]
[Result "1-0"]
[Board "121"]
[TimeControl "180+1"]
[WhiteFideId "30984076"]
[BlackFideId "2812703"]
[WhiteElo "2179"]
[BlackElo "2358"]
[WhiteTeam "USA"]
[BlackTeam "ISR"]
[WhiteClock "0:02:09"]
[BlackClock "0:00:00"]

1. d4 Nf6 2. c4 g6 3. Nc3 Bg7 4. e4 d6 5. g3 O-O 6. Bg2 c5 7. d5 e6 8. Nge2 exd5 9. cxd5 a6 10. a4 Re8 11. O-O Nbd7 12. h3 c4 13. Be3 Ne5 14. f4 Nd3 15. b3 Nxe4 16. Nxe4 f5 17. bxc4 Bxa1 18. Qxa1 fxe4 19. Nd4 Bd7 20. f5 Re5 21. Ne6 Bxe6 22. fxe6 Qe7 23. Bd4 Rf5 24. Bxe4 Rxf1+ 25. Qxf1 Ne5 26. c5 Rf8 27. Qe2 Qg5 28. Qg2 dxc5 29. Bxc5 Qc1+ 30. Kh2 Qxc5 31. Bb1 Qd6 32. Ba2 Nf3+ 33. Kh1 Qe5 34. Qf1 Nd2 35. Qd1 Rf1+ 36. Qxf1 Nxf1 37. d6 Nd2 38. e7+ Kg7 39. h4 Qe1+ 40. Kh2 Nf3+ 41. Kh3 Ng1+ 42. Kg4 Qe2+ 43. Kf4 Qf3+ 44. Ke5 Qe2+ 45. Kd4 Nf3+ 46. Kc5 Qe5+ 47. Kb6 Nd4 48. Ka7 Qxd6 49. e8=N+ Kh6 50. Nxd6 Nf5 51. Nxb7 Nxg3 52. Kxa6 Nf5 53. Kb6 Nxh4 54. a5 g5 55. a6 g4 56. a7 g3 57. a8=Q g2 58. Qf8+ Kg5 59. Qf2 Kg4 60. Be6+ Kg5 61. Qg3+ Kh5 62. Bf7+ Kh6 63. Qxh4+ Kg7 64. Qg3+ Kxf7 65. Qxg2 1-0

[Event "December 12 Late 2023"]
[Site "https://www.chess.com"]
[Date "2023.12.12"]
[Round "5"]
[White "Khokhlova, Daria"]
[Black "Nadera, Barlo A."]
[Result "0-1"]
[Board "122"]
[TimeControl "180+1"]
[WhiteFideId "24182729"]
[BlackFideId "5200598"]
[WhiteElo "2336"]
[BlackElo "2179"]
[WhiteTeam "FID"]
[BlackTeam "PHI"]
[WhiteClock "0:00:00"]
[BlackClock "0:00:56"]

1. d4 d5 2. c4 e6 3. Nf3 c6 4. e3 Nf6 5. b3 Nbd7 6. Bd3 Be7 7. Bb2 O-O 8. Nc3 b6 9. O-O Bb7 10. Ne5 c5 11. cxd5 Nxe5 12. dxe5 Nxd5 13. Qe2 Nxc3 14. Bxc3 Qd5 15. f4 Rfd8 16. Bc2 Qc6 17. Rf3 g6 18. e4 b5 19. f5 exf5 20. exf5 c4 21. fxg6 hxg6 22. Rh3 b4 23. e6 Bc5+ 24. Kh1 bxc3 25. exf7+ Kg7 26. Qe5+ Qf6 27. Rh7+ Kxh7 28. Qxf6 Rd6 29. Bxg6+ Kh6 30. f8=Q+ Rxf8 31. Qxf8+ Kxg6 32. Qg8+ Kh6 33. Rf1 Rg6 34. Qh8+ Kg5 35. h4+ Kg4 36. h5 Rg5 0-1

[Event "December 12 Late 2023"]
[Site "https://www.chess.com"]
[Date "2023.12.12"]
[Round "5"]
[White "Gerbelli Neto, Eduardo"]
[Black "Tokat, Nehir"]
[Result "1-0"]
[Board "123"]
[TimeControl "180+1"]
[WhiteFideId "2103281"]
[BlackFideId "34557555"]
[WhiteElo "2335"]
[BlackElo "2167"]
[WhiteTeam "BRA"]
[BlackTeam "TUR"]
[WhiteClock "0:02:05"]
[BlackClock "0:00:41"]

1. e4 c5 2. Nc3 Nc6 3. f4 g6 4. Nf3 Bg7 5. Bc4 e6 6. f5 Nge7 7. fxe6 fxe6 8. d3 O-O 9. O-O d5 10. Bb3 Kh8 11. Bg5 h6 12. Bh4 g5 13. Bxg5 hxg5 14. Nxg5 Qe8 15. Qg4 Qg6 16. exd5 exd5 17. Qh4+ Qh6 18. Rxf8+ Bxf8 19. Nf7+ 1-0

[Event "December 12 Late 2023"]
[Site "https://www.chess.com"]
[Date "2023.12.12"]
[Round "5"]
[White "Janiashvili, Mariami"]
[Black "Ruiz Aguilar, Pablo Alexander"]
[Result "1-0"]
[Board "124"]
[TimeControl "180+1"]
[WhiteFideId "13612077"]
[BlackFideId "4401352"]
[WhiteElo "2160"]
[BlackElo "2334"]
[WhiteTeam "GEO"]
[BlackTeam "COL"]
[WhiteClock "0:00:12"]
[BlackClock "0:00:00"]

1. e4 c5 2. d4 cxd4 3. c3 dxc3 4. Nxc3 Nc6 5. Nf3 e6 6. Bc4 a6 7. O-O Nge7 8. Bg5 h6 9. Bh4 Qa5 10. Qe2 Ng6 11. Bg3 Be7 12. e5 O-O 13. Rfe1 b5 14. Bd3 b4 15. Nd1 Bb7 16. h4 Rfc8 17. h5 Nf8 18. Ne3 Qd8 19. Ng4 Na5 20. Bf4 b3 21. Nxh6+ gxh6 22. Bxh6 Nh7 23. Qe3 Bxf3 24. Qxf3 Ng5 25. Qg3 Kh8 26. f4 f5 27. Bxg5 Bxg5 28. fxg5 bxa2 29. Rxa2 Nb3 30. g6 Kg7 31. Ra4 Nc5 32. h6+ Kxh6 33. Rh4+ Kg7 34. Rh7+ Kg8 35. Qh3 Qg5 36. Rh8+ 1-0